 Dungeon Crawl Stone Soup version 0.28-a0-823-gb444dcf96d (webtiles) character file.

Game seed: 13335944361374354674

5770 snetch the Cleaver (level 10, -10/108 HPs)
             Began as a Minotaur Berserker on Nov 9, 2021.
             Was a Priest of Trog.
             Collided with a rock wall (15 damage)
             ... caused by a wretched star
             ... on level 2 of the Abyss.
             The game lasted 00:23:15 (8174 turns).

snetch the Cleaver (Minotaur Berserker)             Turns: 8174, Time: 00:23:16

Health: -10/108    AC: 15    Str: 25      XL:     10   Next: 49%
Magic:  9/9        EV:  6    Int:  4      God:    Trog [***...]
Gold:   411        SH:  8    Dex:  9 (10) Spells: 9/9 levels left

rFire   . . .      SeeInvis .   a - +0 broad axe
rCold   + . .      Faith    .   z - +0 kite shield
rNeg    . . .      Spirit   .   M - +0 plate armour
rPois   .          Reflect  .   (helmet restricted)
rElec   +          Harm     .   (no cloak)
rCorr   .          Rampage  +   A - +0 pair of gloves "Vuitoov" {Rampage rElec Will+}
Will    +....                   (no boots)
Stlth   ..........              F - amulet of regeneration
HPRegen 1.28/turn               J - ring of protection from cold
MPRegen 0.11/turn               (no ring)

@: berserking, very quick
A: horns 2, retaliatory headbutt, [frail 2], [no potion heal 2], [subdued magic
2]
a: Renounce Religion, Berserk, Trog's Hand


You were on level 2 of the Abyss.
You worshipped Trog.
Trog was most pleased with you.
You visited 2 branches of the dungeon, and saw 8 of its levels.
You visited the Abyss 1 time.

You collected 411 gold pieces.

Inventory:

Hand Weapons
 a - a +0 broad axe (weapon)
 b - a +0 morningstar
 c - a +0 trident
 t - a +2 battleaxe
 O - a +0 whip of electrocution
 P - a +3 great mace
 U - a +1 whip of flaming
 W - a +2 dire flail of protection
 X - the +7 Spriggan's Knife {stab, EV+4 Stlth+}
   (You found it on level 7 of the Dungeon)

   It is more effective when stabbing unaware enemies, treating them as though
   they were completely helpless.
   EV:        It affects your evasion (+4).
   Stlth:     It makes you more stealthy.
Missiles
 e - 57 bolts
 h - 196 stones
 m - 143 arrows
 o - 76 sling bullets
 I - 3 boomerangs
 R - 12 poisoned darts (quivered)
 V - 3 throwing nets
Armour
 g - a +0 buckler
 z - a +0 kite shield (worn)
 A - the +0 pair of gloves "Vuitoov" (worn) {Rampage rElec Will+}
   (You found it on level 5 of the Dungeon)

   rElec:     It insulates you from electricity.
   Rampage:   It bestows one free step when moving towards enemies.
   Will:      It increases your willpower.
 M - a +0 plate armour (worn)
Jewellery
 F - an amulet of regeneration (around neck)
 H - a ring of ice
 J - a ring of protection from cold (left hand)
Wands
 s - a wand of charming (11)
 w - a wand of iceblast (22)
 B - a wand of flame (15)
 S - a wand of digging (2)
 Y - a wand of mindburst (3)
Scrolls
 i - 4 scrolls of teleportation {unknown}
 k - 7 scrolls of identify {unknown}
 l - a scroll of vulnerability {unknown}
 p - 2 scrolls of amnesia {unknown}
 r - a scroll of acquirement {unknown}
 u - 2 scrolls of enchant armour {unknown}
 v - a scroll of fog {unknown}
 x - 3 scrolls of enchant weapon {unknown}
 y - a scroll of holy word {unknown}
 C - a scroll of summoning {unknown}
 G - 2 scrolls of immolation {unknown}
 K - 2 scrolls of noise {unknown}
 L - a scroll of fear {unknown}
 N - a scroll of brand weapon {unknown}
 Q - a scroll of magic mapping {unknown}
Potions
 d - 2 potions of heal wounds {unknown}
 f - 2 potions of mutation {unknown}
 j - 5 potions of curing
 n - a potion of berserk rage {unknown}
 q - 3 potions of flight {unknown}
 D - a potion of experience {unknown}
 E - a potion of degeneration {unknown}
 T - a potion of magic {unknown}


   Skills:
 + Level 9.5 Fighting
 + Level 12.0(12.2) Axes
 + Level 3.4(8.4) Maces & Flails
 + Level 1.3 Throwing
 + Level 9.9 Armour
 + Level 4.0 Dodging
 + Level 1.0 Stealth
 + Level 4.3 Shields


You had 9 spell levels left.
You didn't know any spells.
Your spell library contained the following spells:

 Spells                   Type           Power      Damage    Failure   Level
 Sandblast                Erth           0%         2d4       100%        1
 Passwall                 Tmut/Erth      0%         N/A       100%        2
 Conjure Flame            Conj/Fire      0%         6-21      100%        3
 Ignite Poison            Fire/Tmut/Pois 0%         N/A       100%        3
 Portal Projectile        Hex/Tloc       0%         N/A       100%        3
 Stone Arrow              Conj/Erth      0%         3d7       100%        3
 Sticky Flame             Conj/Fire      0%         2d3       100%        4
 Blade Hands              Tmut           0%         N/A       100%        5
 Excruciating Wounds      Necr           0%         N/A       100%        5


Dungeon Overview and Level Annotations

Branches:
Dungeon (7/15)             Temple (1/1) D:6

Altars:
Ashenzari
Cheibriados
Dithmenos
Elyvilon
Fedhas
Gozag
Hepliaklqana
Kikubaaqudgha
Makhleb
Nemelex Xobeh
Okawaru
Qazlal
Ru
Sif Muna
Trog
Uskayaw
Vehumet
Wu Jian
Xom
Yredelemnul
Zin
The Shining One

Shops:
D:2 =

Annotations:
D:7 Maggie


Innate Abilities, Weirdness & Mutations

You have a pair of horns on your head.
You reflexively headbutt those who attack you in melee.
[You are very frail. (-20% HP)]
[Potions cannot restore your health.]
[Your spells are easier to cast, but less powerful.]


Message History

The wretched star is moderately damaged.
A chorus of shrieks assaults your mind.
A starcursed mass splits.
You hit the wretched star.
You headbutt the wretched star, but do no damage.
The wretched star is moderately damaged.
A starcursed mass splits.
The wretched star glows turbulently.
The lance of force hits you!!
You are knocked back by the lance of force.
You slam into the rock wall!
You closely miss the wretched star. You headbutt the wretched star!
The wretched star is heavily damaged.
You hit the starcursed mass but do no damage.
A deafening chorus of shrieks assaults your mind!
The wretched star glows turbulently.
The lance of force hits you!
* * * LOW HITPOINT WARNING * * *
You are knocked back by the lance of force.
You slam into the rock wall!
* * * LOW HITPOINT WARNING * * *
The starcursed mass touches you but does no damage.
A red film seems to cover your vision as you go berserk!
You feel yourself moving faster!
You feel mighty!
The wretched star pulses with an eldritch light!
You feel frail. x2
The starcursed mass touches you.
* * * LOW HITPOINT WARNING * * *
Unknown command.
You slice the starcursed mass!!
You destroy the starcursed mass!
Trog accepts your kill.
You barely miss the wretched star. You hit the starcursed mass.
The starcursed mass shudders and is absorbed by its neighbour.
The wretched star glows turbulently.
The lance of force hits you.
* * * LOW HITPOINT WARNING * * *
You are knocked back by the lance of force.
You slam into the rock wall!
You die...

.....# . .. .##
#...#.....#. #
#...## # ...
#....# .# ... #
#..>.##.# ..# #
#X....## . . ..#
. #X.X.# # . ..#
# ... #X..###.
...# .
.....#@#######..
.. .
#...*.......
..#. .
................
.......(....#...
... #
..............
.. #
....#######.....
.... ..... ...
.... ....


You could see 4 starcursed masses and a wretched star.

Vanquished Creatures
  Harold (D:7)
  Pikel (D:7)
  Joseph (D:7)
  The ghost of Demosthentine the Conjurer, a novice DrCj (D:4)
  An ancient zyme (Abyss:2)
  4 vampire mosquitoes (D:6)
  A chaos spawn (Abyss:2)
  A water moccasin (D:7)
  2 sky beasts (D:6)
  A black bear (D:4)
  2 orc warriors
  2 necrophages
  7 ogres
  2 phantoms (D:6)
  2 lemures (D:7)
  A bullfrog (D:7)
  2 scorpions
  6 killer bees (D:7)
  8 wights
  A bullfrog zombie (D:6)
  A quasit (Abyss:2)
  A starcursed mass (Abyss:2)
  5 hounds
  6 orc priests
  2 centaur skeletons
  2 gnoll shamans (D:5)
  A bullfrog skeleton (D:5)
  Jessica (D:2)
  3 orc wizards
  3 iguanas
  A howler monkey zombie (D:6)
  3 gnolls (D:5)
  8 adders
  A white imp (Abyss:2)
  An ufetubus (Abyss:2)
  2 adder skeletons (D:4)
  3 worms
  4 dart slugs
  20 orcs
  11 bats
  6 endoplasms
  3 giant cockroaches
  6 goblins
  4 hobgoblins
  9 jackals
  A quokka (D:1)
  6 ball pythons
  4 frilled lizards
  7 kobolds
  A quokka skeleton (D:4)
  5 rats
178 creatures vanquished.

Notes
Turn   | Place    | Note
-------+----------+-------------------------------------------
     0 | D:1      | snetch the Minotaur Berserker began the quest for the Orb.
     0 | D:1      | Reached XP level 1. HP: 19/19 MP: 0/0
    42 | D:1      | Reached skill level 4 in Axes
    42 | D:1      | Reached XP level 2. HP: 17/27 MP: 1/1
   592 | D:2      | Reached XP level 3. HP: 28/33 MP: 2/2
   649 | D:1      | Reached ** piety under Trog
  1546 | D:2      | Found Qustreen's Jewellery Emporium.
  1559 | D:2      | Reached XP level 4. HP: 12/41 MP: 3/3
  2228 | D:2      | Noticed Jessica
  2233 | D:2      | Killed Jessica
  2234 | D:2      | Reached skill level 5 in Axes
  2984 | D:4      | Reached XP level 5. HP: 38/47 MP: 4/4
  3224 | D:4      | Reached skill level 1 in Maces & Flails
  3354 | D:3      | Reached skill level 5 in Fighting
  3354 | D:3      | Reached XP level 6. HP: 51/56 MP: 5/5
  3358 | D:3      | Reached *** piety under Trog
  3361 | D:3      | Reached skill level 1 in Shields
  3619 | D:5      | Entered Level 5 of the Dungeon
  3800 | D:5      | Identified the +0 pair of gloves "Vuitoov" {Rampage rElec
                  | Will+}
  4054 | D:4      | Reached skill level 6 in Axes
  4054 | D:4      | Reached skill level 1 in Stealth
  4153 | D:4      | Reached XP level 7. HP: 61/61 MP: 6/6
  4452 | D:4      | Found a transporter.
  4454 | D:4      | Noticed Demosthentine's ghost (novice DrCj)
  4455 | D:4      | Found a transporter.
  4620 | D:5      | Reached skill level 5 in Armour
  4946 | D:5      | Reached skill level 7 in Axes
  4990 | D:5      | Reached skill level 1 in Throwing
  4995 | D:5      | Reached XP level 8. HP: 67/70 MP: 7/7
  5352 | D:5      | Found a sparkling altar of Nemelex Xobeh.
  5475 | D:4      | Killed Demosthentine's ghost
  5476 | D:4      | Reached skill level 8 in Axes
  5633 | D:6      | Reached skill level 9 in Axes
  5647 | D:6      | Reached XP level 9. HP: 32/79 MP: 8/8
  6051 | D:6      | Found a staircase to the Ecumenical Temple.
  6054 | D:7      | Noticed Joseph
  6063 | D:7      | Killed Joseph
  6064 | D:7      | Reached skill level 10 in Axes
  6495 | Temple   | Entered the Ecumenical Temple
  7196 | D:7      | Noticed Pikel
  7207 | D:7      | Killed Pikel
  7208 | D:7      | Reached skill level 11 in Axes
  7208 | D:7      | Reached XP level 10. HP: 90/90 MP: 9/9
  7325 | D:7      | Noticed Harold
  7339 | D:7      | Killed Harold
  7493 | D:7      | Found the +7 Spriggan's Knife {stab, EV+4 Stlth+}
  8002 | D:7      | Noticed Maggie
  8018 | D:7      | Cast into level 2 of the Abyss (Maggie)
  8106 | Abyss:2  | Reached skill level 12 in Axes
  8163 | Abyss:2  | Noticed a wretched star
  8164 | Abyss:2  | Noticed a starcursed mass
  8174 | Abyss:2  | HP: 5/108 [wretched star/lance of force (5)]
  8174 | Abyss:2  | Collided with a rock wall

Illustrated notes

Levels and vault maps discovered:
D:1:      dpeg_arrival_arbitrary_c, layout_basic, minmay_small_reverse_x
D:2:      minmay_general_purpose_star, layout_loops_corners, serial_shops,
          shop_statue, uniq_jessica
D:3:      layout_basic
D:4:      layout_basic, gammafunk_ghost_smash
D:5:      layout_basic, mainiacjoe_overflow_alcove_4, kennysheep_generic_room_11
D:6:      layout_gridville, temple_statues, minmay_misc_feat_encased
D:7:      layout_layer_cave, uniq_joseph, uniq_maggie, uniq_pikel, uniq_harold
Temple:   mainiacjoe_temple_starburst
Abyss:2:  base:
D:6

Skill      XL: |  1  2  3  4  5  6  7  8  9 10 |
---------------+-------------------------------+-----
Axes           | 4 5 6 7 9 11 12 | 12.0
Fighting       | 4 5 6 7 8 9 |  9.5
Armour         | 3 4 5 7 9 |  9.9
Dodging        | 3 4 |  4.0
Maces & Flails | 1 2 3 |  3.4
Shields        | 1 2 4 |  4.3
Stealth        | 1 |  1.0
Throwing       | 1 |  1.3

Action                   |  1- 3 |  4- 6 |  7- 9 | 10-12 || total
-------------------------+-------+-------+-------+-------++-------
Melee: Hand axe          |    82 |    63 |   124 |       ||   269
       Headbutt          |     9 |    21 |    41 |    20 ||    91
       Morningstar       |       |    50 |    19 |       ||    69
       Battleaxe         |       |       |    42 |       ||    42
       Broad axe         |       |       |    22 |    87 ||   109
Throw: Stone             |       |     5 |       |       ||     5
       Dart              |       |       |       |     5 ||     5
Invok: Berserk           |     1 |     2 |     6 |     1 ||    10
       Trog's Hand       |       |     3 |     1 |     1 ||     5
  Use: Potion            |       |     1 |       |       ||     1
Armor: Animal skin       |     1 |       |       |       ||     1
       Leather armour    |    27 |     5 |       |       ||    32
       Chain mail        |       |    36 |    17 |       ||    53
       Plate armour      |       |       |   103 |    70 ||   173
Dodge: Dodged            |    60 |    50 |    84 |    35 ||   229
Block: Buckler           |     1 |    15 |    18 |       ||    34
       Kite shield       |       |       |    21 |    35 ||    56

Table legend: (Time is in decaauts)
 A = Elapsed time spent in this place.
 B = Non-inter-level travel time spent in this place.
 C = Inter-level travel time spent in this place.
 D = Time resting spent in this place.
 E = Time spent auto-exploring this place.
 F = Levels seen in this place.
 G = Mean time per level.
                   A        B        C        D        E       F      G
               +--------+--------+--------+--------+--------+-----+--------+
         Total |   8345 |   7826 |    519 |    222 |   5532 |   9 |  927.2 |
       Dungeon |   7620 |   7148 |    472 |    222 |   4937 |   7 | 1088.6 |
        Temple |    564 |    517 |     47 |      0 |    510 |   1 |  564.0 |
         Abyss |    160 |    160 |      0 |      0 |     85 |   1 |  160.0 |
               +--------+--------+--------+--------+--------+-----+--------+

Top non-repeatable levels by time:
     D:2: 1443 daAuts
     D:1: 1311 daAuts
     D:5: 1123 daAuts
     D:6: 1026 daAuts
     D:4: 1002 daAuts
     D:7: 988 daAuts
     D:3: 725 daAuts
  Temple: 564 daAuts
 Abyss:2: 160 daAuts
